 Dungeon Crawl Stone Soup version 0.31-a0-175-g9f7f995f2b (webtiles) character file.

Game seed: 8032858759990613479

153 Moral the Trooper (level 5, -2/44 HPs)
             Began as a Barachi Fighter on June 17, 2023.
             Was an Initiate of Cheibriados.
             Slain by an iguana (6 damage)
             ... on level 3 of the Dungeon.
             The game lasted 00:09:26 (2524 turns).

Moral the Trooper (Barachi Fighter)                 Turns: 2524, Time: 00:09:26

Health: -2/44      AC:  7    Str: 18    XL:     5   Next: 35%
Magic:  5/5        EV:  9    Int:  9    God:    Cheibriados [......]
Gold:   144        SH:  5    Dex: 15    Spells: 4/4 levels left

rFire   . . .        o - +2 falchion (holy)
rCold   . . .        c - +0 buckler
rNeg    . . .        b - +0 scale mail
rPois   .            (no helmet)
rElec   .            (no cloak)
rCorr   .            (no gloves)
SInv    .            (no boots)
Will    +....        (no amulet) Stlth
                     l - ring of willpower
HPRegen 0.27/turn    (no ring)
MPRegen 0.09/turn

%: no passive effects
@: mighty, unable to hop, very slow
A: amphibious, slowness 1, strong legs 1, +LOS
a: Hop, Renounce Religion


You were on level 3 of the Dungeon.
You worshipped Cheibriados.
Cheibriados was noncommittal.
You visited 1 branch of the dungeon, and saw 4 of its levels.

You collected 144 gold pieces.

Inventory:

Hand Weapons
 o - a +2 falchion of holy wrath (weapon)
Armour
 b - a +0 scale mail (worn)
 c - a +0 buckler (worn)
Jewellery
 l - a ring of willpower (left hand)
 r - a ring of resist corrosion
Scrolls
 a - a scroll of noise {unknown}
 e - 3 scrolls of identify {unknown}
 f - a scroll of torment {unknown}
 g - 2 scrolls of fog {unknown}
 i - 2 scrolls of teleportation {unknown}
 k - a scroll of amnesia {unknown}
 p - a scroll of silence {unknown}
 q - a scroll of blinking {unknown}
Potions
 h - 2 potions of lignification {unknown}
 j - a potion of cancellation {unknown}
 m - a potion of enlightenment {unknown}
 n - 2 potions of curing {unknown}


   Skills:
 * Level 5.0 Fighting
 * Level 4.3 Long Blades
 + Level 4.3 Armour
 + Level 4.0 Shields


You had 4 spell levels left.
You didn't know any spells.
Your spell library contained the following spells:

 Spells                   Type           Power      Damage    Failure   Level
 Sandblast                Erth           0%         2d4       83%         1
 Passwall                 Tmut/Erth      0%         N/A       93%         2
 Stone Arrow              Conj/Erth      0%         3d7       99%         3


Dungeon Overview and Level Annotations

Branches:
Dungeon (4/15)
 Temple: D:4-7

Altars:
Ashenzari
Cheibriados
Dithmenos
Hepliaklqana
Sif Muna
Vehumet
Xom
Zin

Shops:
D:2 *?   D:3 =!


Innate Abilities, Weirdness & Mutations

You are amphibious.
You cover ground slowly.
You can hop short distances.
You have an extended range of vision and can be seen from far away.


Message History

The goblin barely misses you. The kobold hits you with a +0 dagger.
* * * LOW HITPOINT WARNING * * *
The iguana barely misses you. The goblin attacks as you move away!
The goblin hits you but does no damage.
There is a stone staircase leading up here.
The goblin hits you with a +0 club.
* * * LOW HITPOINT WARNING * * *
The iguana barely misses you. You block the kobold's attack.
You climb upwards.
There is a stone staircase leading down here.
You hit the iguana but do no damage.
The iguana is severely wounded.
The iguana bites you but does no damage.
The goblin hits you but does no damage. The kobold hits you but does no damage.
You hit the iguana but do no damage.
The iguana is severely wounded.
The iguana closely misses you. The goblin hits you with a +0 club.
* * * LOW HITPOINT WARNING * * *
The kobold hits you but does no damage.
You closely miss the iguana.
The iguana is severely wounded.
The iguana bites you but does no damage.
The goblin hits you but does no damage. The kobold hits you but does no damage.
The iguana bites you.
* * * LOW HITPOINT WARNING * * *
The goblin barely misses you. The kobold hits you with a +0 dagger.
* * * LOW HITPOINT WARNING * * *
Your legs are too worn out to hop.
You feel very mighty all of a sudden. You block the iguana's attack.
The goblin misses you. The kobold barely misses you.
You barely miss the iguana.
The iguana is severely wounded.
The iguana bites you but does no damage.
The goblin closely misses you. The kobold hits you with a +0 dagger.
* * * LOW HITPOINT WARNING * * *
You closely miss the iguana.
The iguana is severely wounded.
The iguana bites you.
You die...

[.......#....'.....# #.#
........#....#####.# #.#
........#....# #.# #.#
........#....# #.# #.#
........#....# #.# #.#
........#.#'######.###.#
.....)..'...##.......#.#
........#.####.###.#.#.#
#########.......@..#.#.##########
..........##...lKg...#.#........#
#####......#....######.#.######.#
# ##...#####.........#.#.# #.#
###..............###.#.#.# #.#
#...#.##########.# #.#.#.# #.#
#.#.#..###.#..##.# #.#.#.# #.#
....##...##.##.#.# #.#.#.# #.#
.....##....#.##8.# #...#.# #.#


You could see an iguana, a goblin and a kobold.

Vanquished Creatures
  A hound (D:3)
  A sleepcap (D:3)
  A gnoll (D:1)
  A worm (D:2)
  A dart slug (D:3)
  3 orcs (D:3)
  4 bats (D:1)
  7 endoplasms
  2 giant cockroaches
  19 goblins
  8 hobgoblins
  3 kobolds
  4 quokkas
  5 ball pythons
  A frilled lizard (D:3)
  6 rats
67 creatures vanquished.

Notes
Turn   | Place    | Note
-------+----------+-------------------------------------------
     0 | D:1      | Moral the Barachi Fighter began the quest for the Orb.
     0 | D:1      | Reached XP level 1. HP: 18/18 MP: 1/1
    49 | D:1      | Reached XP level 2. HP: 15/25 MP: 2/2
   255 | D:1      | Reached skill level 4 in Fighting
   414 | D:1      | Reached XP level 3. HP: 23/30 MP: 3/3
   707 | D:2      | Found Ycrohec's General Store.
  1021 | D:2      | Reached XP level 4. HP: 38/38 MP: 4/4
  1133 | D:2      | Found Acoaquuck's Magic Scroll Emporium.
  1566 | D:3      | Found Telayr's Distillery.
  1890 | D:3      | Found Zolotupt's Jewellery Emporium.
  2052 | D:3      | Reached XP level 5. HP: 43/43 MP: 5/5
  2057 | D:3      | Found a shimmering altar of Xom.
  2057 | D:3      | Found a broken altar of Ashenzari.
  2058 | D:3      | Found a snail-covered altar of Cheibriados.
  2058 | D:3      | Found a glowing silver altar of Zin.
  2058 | D:3      | Found a shadowy altar of Dithmenos.
  2058 | D:3      | Found a radiant altar of Vehumet.
  2058 | D:3      | Found a shimmering blue altar of Sif Muna.
  2061 | D:3      | Found a hazy altar of Hepliaklqana.
  2113 | D:3      | Became a worshipper of Cheibriados the Contemplative
  2265 | D:3      | Reached skill level 5 in Fighting
  2524 | D:3      | Slain by an iguana

Illustrated notes

Levels and vault maps discovered:
D:1:      heliophobic_arrival_henge, layout_basic, skrybe_limestone_x
D:2:      layout_basic, serial_shops, shop, shop, minmay_misc_feat_hallway,
          minmay_pentomino_o2
D:3:      layout_basic, grunt_temple_overflow_open, serial_shops,
          nicolae_shop_advertising_works [nicolae_subvault_shop_adworks], shop,
          kennysheep_minor_cross, minivault_25, guppyfry_early_orc_mine
D:4:      layout_basic, fedhas_altar_fruit_tree

Skill      XL: |  1  2  3  4  5 |
---------------+----------------+-----
Fighting       | 4 5 |  5.0
Long Blades    | 3 4 |  4.3
Armour         | 4 |  4.3
Shields        | 4 |  4.0

Action                     |  1- 3 |  4- 6 || total
---------------------------+-------+-------++-------
  Melee: Long sword        |   135 |    47 ||   182
         Falchion          |       |    58 ||    58
Ability: Hop               |       |     3 ||     3
    Use: Potion            |       |     1 ||     1
 Armour: Scale mail        |    74 |    58 ||   132
  Dodge: Dodged            |    69 |    70 ||   139
  Block: Buckler           |    41 |    26 ||    67

Table legend: (Time is in decaauts)
 A = Elapsed time spent in this place.
 B = Non-inter-level travel time spent in this place.
 C = Inter-level travel time spent in this place.
 D = Time resting spent in this place.
 E = Time spent auto-exploring this place.
 F = Levels seen in this place.
 G = Mean time per level.
                   A        B        C        D        E       F      G
               +--------+--------+--------+--------+--------+-----+--------+
         Total |   3032 |   2991 |     41 |    220 |   1885 |   4 |  758.0 |
       Dungeon |   3032 |   2991 |     41 |    220 |   1885 |   4 |  758.0 |
               +--------+--------+--------+--------+--------+-----+--------+

Top non-repeatable levels by time:
     D:3: 1326 daAuts
     D:1: 755 daAuts
     D:2: 664 daAuts
     D:4: 285 daAuts
